 Dungeon Crawl Stone Soup version 0.19-a0-1568-gdd01aac (webtiles) character file.

4430 st0uf the Transmogrifier (level 10, -1/88 HPs)
             Began as a Naga Transmuter on Sept 15, 2016.
             Was a Priest of Sif Muna.
             Killed from afar by an orc sorcerer (39 damage)
             ... with a bolt of negative energy
             ... on level 1 of the Orcish Mines.
             The game lasted 01:00:54 (11284 turns).

st0uf the Transmogrifier (Naga Transmuter)         Turns: 11284, Time: 01:00:55

Health: -1/88      AC:  2    Str: 13    XL:     10   Next: 36%
Magic:  17/19      EV: 21    Int: 16    God:    Sif Muna [***...]
Gold:   640        SH:  0    Dex: 17    Spells: 7 memorised, 3 levels left

rFire  . . .     SeeInvis +       - Unarmed
rCold  . . .     Gourm    .     (armour currently unavailable)
rNeg   . . .     Faith    .     (shield currently unavailable)
rPois  x         Spirit   .     (helmet currently unavailable)
rElec  .         Dismiss  .     (cloak currently unavailable)
rCorr  .         Reflect  .     (gloves currently unavailable)
MR     +....     Harm     .     (no barding)
Stlth  ++........               (no amulet)
                                (no ring)
                                (no ring)

@: spider-form, heavily drained
A: see invisible, (deformed body), (poison resistance), (slowness 0), slow
metabolism 1, spit poison 1, AC +3
a: Spit Poison, End Transformation, Divine Energy, Channel Magic, Renounce
Religion


You were on level 1 of the Orcish Mines.
You worshipped Sif Muna.
Sif Muna was most pleased with you.
You were not hungry.
You were a venomous arachnid creature.
You visited 3 branches of the dungeon, and saw 11 of its levels.

You collected 640 gold pieces.

Inventory:

Missiles
 a - 112 arrows
Armour
 i - a +0 naga barding (melded)
 v - a +0 helmet (melded)
 C - a +0 cloak (melded)
 E - a +0 pair of gloves (melded)
 N - a +0 robe of the Archmagi (melded)
Magical Staves
 G - an uncursed staff of earth
Wands
 p - a wand of paralysis (10/24)
 A - a wand of polymorph (2/24)
 J - a wand of teleportation (5/9)
 L - a wand of slowing (13/48)
 R - a wand of confusion (23/48)
Scrolls
 e - 3 scrolls of amnesia {unknown}
 f - 5 scrolls of remove curse
 g - a scroll of immolation {unknown}
 h - a scroll of identify
 n - 6 scrolls of teleportation
 o - 2 scrolls of noise {unknown}
 q - 3 scrolls of enchant weapon {unknown}
 r - a scroll of recharging {unknown}
 s - 4 scrolls of enchant armour {unknown}
 x - 2 scrolls of blinking {unknown}
 y - a scroll of fear {unknown}
 B - a scroll of fog {unknown}
 F - 2 scrolls of random uselessness {unknown}
 Q - a scroll of magic mapping {unknown}
 S - 2 scrolls of summoning {unknown}
Potions
 b - 2 potions of haste
 j - 3 potions of curing
 k - a potion of magic
 t - a potion of might
 u - a potion of degeneration
 w - 2 potions of cancellation
 z - a potion of agility
 D - 2 potions of lignification
 H - a potion of mutation
 I - 2 potions of ambrosia
 K - a potion of heal wounds {unknown}
 M - a potion of beneficial mutation {unknown}
 O - a potion of invisibility {unknown}
 P - a potion of flight {unknown}
 T - a potion of brilliance {unknown}
Books
 c - a book of Changes

   Spells                             Type                      Level
   a - Beastly Appendage              Transmutation                1
   b - Sticks to Snakes               Transmutation                2
   c - Spider Form                    Transmutation/Poison         3
   d - Ice Form                       Ice/Transmutation            4
   e - Blade Hands                    Transmutation                5
 U - a book of Minor Magic

   Spells                             Type                      Level
   a - Magic Dart                     Conjuration                  1
   b - Blink                          Translocation                2
   c - Call Imp                       Summoning                    2
   d - Repel Missiles                 Charms/Air                   2
   e - Slow                           Hexes                        2
   f - Conjure Flame                  Conjuration/Fire             3
   g - Mephitic Cloud                 Conjuration/Poison/Air       3
Comestibles
 d - 2 bread rations
 l - 2 slices of pizza
 m - a royal jelly
 V - a chunk of flesh


   Skills:
 + Level 5.2(3.8) Fighting
 + Level 3.7(2.3) Armour
 + Level 4.5(3.1) Dodging
 + Level 5.8(4.3) Unarmed Combat
 + Level 6.0(4.5) Spellcasting
 + Level 0.2(0.0) Conjurations
 + Level 0.0 Charms
 + Level 0.2(0.0) Translocations
 * Level 9.0(7.4) Transmutations
 + Level 0.2(0.0) Air Magic
 + Level 0.3(0.0) Poison Magic


You had 3 spell levels left.
You knew the following spells:

 Your Spells              Type           Power        Failure   Level  Hunger
a - Beastly Appendage     Tmut           ####..       4%          1    None
b - Sticks to Snakes      Tmut           ####....     6%          2    ##.....
c - Spider Form           Tmut/Pois      ###.......   28%         3    ###....
d - Blade Hands           Tmut           ####......   41%         5    ######.
e - Repel Missiles        Chrm/Air       #.....       45%         2    ##.....
f - Blink                 Tloc           N/A          45%         2    ##.....
g - Mephitic Cloud        Conj/Pois/Air  #.......     73%         3    ###....


Dungeon Overview and Level Annotations

Branches:
Dungeon (9/15)             Temple (1/1) D:4             Orc (1/2) D:9
   Lair: D:8-11

Altars:
Ashenzari
Cheibriados
Dithmenos
Elyvilon
Fedhas
Gozag
Hepliaklqana
Kikubaaqudgha
Makhleb
Nemelex Xobeh
Okawaru
Qazlal
Ru
Sif Muna
Trog
Uskayaw
Vehumet
Xom
Yredelemnul
Zin
The Shining One
Beogh


Innate Abilities, Weirdness & Mutations

You cannot wear boots.
((Your serpentine skin is tough. (AC +3)))
You have supernaturally acute eyesight. (SInv)
((Armour fits poorly on your strangely shaped body.))
((Your system is resistant to poisons. (rPois)))
((You cover ground very slowly.))
You have a slow metabolism.
You can spit poison.


Message History

The bolt of negative energy hits you!
You feel drained.
Ouch! That really hurt!
The orc sorcerer hits you with a dagger.
The orc sorcerer completely misses you.
You can move again.
You hit the orc sorcerer but do no damage.
The orc sorcerer is lightly wounded.
The orc sorcerer completely misses you.
You hit the orc sorcerer.
The orc sorcerer looks even sicker.
The orc sorcerer is moderately wounded.
You hit the orc sorcerer but do no damage.
The orc sorcerer looks as sick as possible!
The orc sorcerer is moderately wounded.
The orc sorcerer completely misses you.
You hit the orc sorcerer.
The orc sorcerer looks as sick as possible!
The orc sorcerer is heavily wounded.
The orc sorcerer gestures at you while chanting.
The bolt of negative energy hits you!
You feel drained.
You die...

#.............#
............#
.........<#
#.#.......## #
#..........##.#
...............
.......$....#.#
#.........$## #
#......s..##
##.....o.##
##......#
#.......
#.......#.
##......###
......##
.....###


You could see an orc sorcerer.

Vanquished Creatures
  Sigmund (D:2)
  Duvessa (D:6)
  A water moccasin (D:8)
  4 sky beasts
  2 black bears (D:6)
  3 orc warriors (D:8)
  2 phantoms
  2 ogres (D:6)
  5 centaurs
  2 bullfrogs
  A wyvern skeleton (D:7)
  5 scorpions
  Dowan (D:6)
  A killer bee (D:9)
  4 howler monkeys
  2 crimson imps
  A centaur zombie (D:5)
  6 orc priests
  6 hounds
  A bullfrog skeleton (D:8)
  Crazy Yiuf (D:3)
  2 centaur skeletons
  An iguana (D:8)
  10 orc wizards
  8 worker ants
  2 hound skeletons
  A worker ant zombie (D:6)
  Robin (D:2)
  17 gnolls
  12 adders
  A howler monkey skeleton (D:8)
  4 shadow imps
  2 oozes
  3 worms
  9 leopard geckos
  53 orcs
  6 giant cockroaches
  12 goblins
  10 hobgoblins
  21 jackals
  2 quokkas
  3 ball pythons
  8 bats
  4 frilled lizards
  A jackal skeleton (D:5)
  11 kobolds
  A leopard gecko zombie (D:5)
  A quokka skeleton (D:6)
  9 rats
267 creatures vanquished.

Vanquished Creatures (collateral kills)
  An ice beast (D:8)
  5 killer bees (D:9)
  A centaur zombie (D:9)
  An orc wizard (D:9)
  2 orc priests (D:8)
  5 orcs
  A quokka (D:8)
16 creatures vanquished.

Vanquished Creatures (others)
  An orc wizard (D:6)
  A bush (D:2)
  A plant (D:2)
3 creatures vanquished.

Grand Total: 286 creatures vanquished

Notes
Turn   | Place    | Note
-------+----------+-------------------------------------------
     0 | D:1      | st0uf the Naga Transmuter began the quest for the Orb.
     0 | D:1      | Reached XP level 1. HP: 18/18 MP: 3/3
   371 | D:1      | Reached XP level 2. HP: 18/25 MP: 3/5
   714 | D:1      | Reached skill level 3 in Transmutations
   787 | D:1      | Reached XP level 3. HP: 25/31 MP: 4/6
  1326 | D:2      | Noticed Sigmund
  1531 | D:2      | Reached XP level 4. HP: 24/38 MP: 6/8
  1791 | D:2      | Reached skill level 4 in Transmutations
  1962 | D:2      | Found a stormy altar of Qazlal.
  2462 | D:2      | Reached XP level 5. HP: 44/44 MP: 9/9
  2493 | D:2      | Found an opulent altar of Gozag.
  2517 | D:2      | Noticed Robin
  2537 | D:2      | Killed Robin
  2780 | D:3      | Learned a level 2 spell: Sticks to Snakes
  2784 | D:3      | Learned a level 3 spell: Spider Form
  2833 | D:2      | Killed Sigmund
  2833 | D:2      | Reached skill level 5 in Transmutations
  2833 | D:2      | Reached XP level 6. HP: 38/51 MP: 5/11
  3499 | D:3      | Reached XP level 7. HP: 57/57 MP: 8/12
  3823 | D:3      | Found a runed door.
  3827 | D:3      | Noticed Crazy Yiuf
  3836 | D:3      | Killed Crazy Yiuf
  4432 | D:4      | Found a staircase to the Ecumenical Temple.
  4449 | Temple   | Entered the Ecumenical Temple
  4725 | Temple   | Became a worshipper of Sif Muna the Loreminder
  4876 | D:4      | Reached skill level 1 in Armour
  5296 | D:4      | Reached skill level 6 in Transmutations
  5327 | D:5      | Entered Level 5 of the Dungeon
  5397 | D:5      | Reached XP level 8. HP: 47/68 MP: 9/14
  5844 | D:6      | Noticed Duvessa
  5844 | D:6      | Noticed Dowan
  5859 | D:6      | Killed Dowan
  5861 | D:6      | Killed Duvessa
  5861 | D:6      | Reached * piety under Sif Muna
  6150 | D:6      | Found an iron altar of Okawaru.
  6150 | D:6      | Found a shimmering altar of Xom.
  6150 | D:6      | Found a bloodstained altar of Trog.
  6151 | D:6      | Found a radiant altar of Vehumet.
  6151 | D:6      | Found a glowing golden altar of the Shining One.
  6364 | D:6      | Reached skill level 7 in Transmutations
  6370 | D:6      | Reached skill level 5 in Spellcasting
  6376 | D:6      | Reached XP level 9. HP: 42/76 MP: 16/16
  6916 | D:7      | Reached skill level 5 in Unarmed Combat
  7020 | D:7      | Found a white marble altar of Elyvilon.
  7891 | D:8      | Reached ** piety under Sif Muna
  7891 | D:8      | Reached skill level 8 in Transmutations
  8915 | D:8      | Found a runed door.
  9269 | D:8      | Reached XP level 10. HP: 64/87 MP: 15/18
  9534 | D:8      | Found a roughly hewn altar of Beogh.
 10051 | D:9      | Found a staircase to the Orcish Mines.
 10065 | D:9      | Reached skill level 5 in Fighting
 10552 | D:9      | Reached *** piety under Sif Muna
 10953 | D:9      | Reached skill level 9 in Transmutations
 11000 | D:9      | Learned a level 5 spell: Blade Hands
 11003 | D:9      | Learned a level 2 spell: Repel Missiles
 11006 | D:9      | Learned a level 2 spell: Blink
 11010 | D:9      | Learned a level 3 spell: Mephitic Cloud
 11269 | Orc:1    | Entered Level 1 of the Orcish Mines
 11273 | Orc:1    | Noticed an orc sorcerer
 11277 | Orc:1    | Paralysed by an orc sorcerer for 3 turns
 11284 | Orc:1    | Killed from afar by an orc sorcerer

Vault maps used:
D:1:      elethiomel_arrival_maze
D:2:      grunt_qazlal_sundering, nicolae_gozag_cash_rules_everything_around_me,
          serial_forest, infiniplex_forest_clump_medium,
          infiniplex_forest_clump_diagonal, infiniplex_forest_lined_corner,
          infiniplex_forest_clump_double, infiniplex_forest_lined_2,
          infiniplex_forest_lined_ring, minivault_23, grunt_ministairs_5,
          uniq_robin, uniq_sigmund
D:3:      uniq_crazy_yiuf_cottage
D:5:      first_bread
D:6:      minmay_opposing_rooms, grunt_temple_overflow_open, grunt_ministairs_6,
          kennysheep_generic_room_16, uniq_duvessa
D:7:      elyvilon_altar_3
D:8:      lightli_church_of_beogh
D:9:      david_orc_3
Temple:   oiseaux_autumnal_temple

Skill      XL: |  1  2  3  4  5  6  7  8  9 10 |
---------------+-------------------------------+-----
Transmutations | 3 4 5 6 7 8 9 |  9.0
Spellcasting   | 3 4 5 6 |  6.0
Dodging        | 2 3 4 |  4.5
Fighting       | 2 3 4 5 |  5.2
Armour         | 1 2 3 |  3.7
Unarmed Combat | 4 5 |  5.8
Conjurations   | |  0.2
Translocations | |  0.2
Air Magic      | |  0.2
Poison Magic   | |  0.3

Action                   |  1- 3 |  4- 6 |  7- 9 | 10-12 || total
-------------------------+-------+-------+-------+-------++-------
Melee: Unarmed           |    68 |   161 |   504 |   169 ||   902
       Headbutt          |     8 |     6 |       |       ||    14
       Punch             |     1 |     1 |     2 |     1 ||     5
 Cast: Beastly Appendage |    17 |    11 |       |       ||    28
       Spider Form       |       |     6 |    49 |    17 ||    72
       Sticks to Snakes  |       |       |     9 |     8 ||    17
 Abil: Spit Poison       |    36 |    24 |    18 |     2 ||    80
  Use: Scroll            |       |       |    13 |     1 ||    14
 Stab: Sleeping          |       |       |     1 |       ||     1
       Distracted        |       |       |       |     1 ||     1
  Eat: Chunk             |     3 |     8 |    21 |     6 ||    38
Armor: Robe              |     8 |    43 |    54 |     8 ||   113
       Skin              |       |       |    17 |     6 ||    23
Dodge: Dodged            |    50 |    93 |   433 |   164 ||   740
